 Dungeon Crawl Stone Soup version 0.20-a0-441-g89e74e4 (webtiles) character file.

596 M4edhros the Insei (level 7, -2/43 HPs)
             Began as an Octopode Necromancer on Jan 6, 2017.
             Slain by an ice beast (5 damage)
             ... in the Ecumenical Temple.
             The game lasted 00:11:35 (2631 turns).

M4edhros the Insei (Octopode Necromancer)           Turns: 2631, Time: 00:11:36

Health: -2/43      AC:  1    Str:  7    XL:     7   Next: 40%
Magic:  4/10       EV: 14    Int: 17    God:
Gold:   240        SH:  4    Dex: 15    Spells: 5/10 levels left

rFire  . . .     SeeInvis .       - Unarmed
rCold  . . .     Gourm    .     (no shield)
rNeg   . . .     Faith    .     (helmet restricted)
rPois  .         Spirit   .     h - +4 amulet of reflection
rElec  .         Reflect  +     (no ring)
rCorr  .         Harm     .     (no ring)
MR     .....                    (no ring)
Stlth  +++.......               (no ring)
                                (no ring)
                                (no ring)
                                (no ring)
                                (no ring)

@: regenerating (expiring)
A: almost no armour, stealthy swim, amphibious, 8 rings, constrict 8, camouflage
1, gelatinous body 1
a: no special abilities


You were in the Ecumenical Temple.
You were not hungry.

You visited 2 branches of the dungeon, and saw 8 of its levels.

You collected 240 gold pieces.

Inventory:

Hand Weapons
 l - a +1 vampiric spear
 n - a +0 blowgun
Missiles
 m - 5 javelins (quivered)
 o - 20 poisoned needles
Jewellery
 h - a +4 amulet of reflection (around mantle)
Wands
 d - a wand of paralysis (0/24)
 p - a wand of clouds (2/9)
Scrolls
 c - 4 scrolls of remove curse
Books
 a - a book of Necromancy

   Spells                             Type                      Level
   a - Pain                           Necromancy                   1
   b - Animate Skeleton               Necromancy                   1
   c - Vampiric Draining              Necromancy                   3
   d - Regeneration                   Charms/Necromancy            3
   e - Animate Dead                   Necromancy                   4
   f - Control Undead                 Necromancy                   4
Comestibles
 k - 2 meat rations


   Skills:
 + Level 1.5 Fighting
 + Level 2.6 Dodging
 - Level 2.6 Stealth
 + Level 7.1 Unarmed Combat
 - Level 2.0 Spellcasting
 - Level 4.0 Necromancy


You had 5 spell levels left.
You knew the following spells:

 Your Spells              Type           Power        Failure   Level  Hunger
a - Pain                  Necr           ###.         3%          1    #......
b - Animate Skeleton      Necr           N/A          3%          1    #......
c - Regeneration          Chrm/Necr      #.........   24%         3    ###....


Dungeon Overview and Level Annotations

Branches:
Dungeon (7/15)             Temple (1/1) D:7

Altars:
Elyvilon
Hepliaklqana
Trog

Shops:
D:7 !

Annotations:
D:3 Grinder
D:5 M4edhros's ghost, amateur OpNe


Innate Abilities, Weirdness & Mutations

You cannot wear most types of armour.
You are very stealthy in the water. (Stealth+)
You are amphibious.
You can wear up to eight rings at the same time.
You can use your tentacles to constrict eight enemies at once.
Your skin changes colour to match your surroundings (Stealth+).
Your rubbery body absorbs attacks. (AC +1, EV +1)


Message History

The ice beast freezes you!
You are now empty-tentacled.
There is an open door here.
The ice beast hits you. The ice beast freezes you!
* * * LOW HITPOINT WARNING * * *
There is an open door here.
There is an open door here.
There is an open door here.
Your magical contamination has completely faded away.
There is an open door here.
There is an open door here.
Casting: Regeneration
Confirm with . or Enter, or press ? or * to list all spells.
Your skin crawls.
The ice beast hits you. The ice beast freezes you!
* * * LOW HITPOINT WARNING * * *
Your skin is crawling a little less now.
The ice beast hits you.
* * * LOW HITPOINT WARNING * * *
The ice beast freezes you.
You die...

,** **,,,** ,,* *,,,,,* ,,*
***** *,,_,,* ***** ,,*
**,,,** *,,,,,* **,,,** ,**
*,,,,,* **,,,** *,,,,,* ***
*,,_,,* ###+### *,,_,,*
,,##*,,,,,###.....###,,,,,*
,,..#+,,,+#.........#+,,,**
,,...#**##......@....##***
*,....###.....###Y....#
**.....#.....#####....#######
,+#.........#+...'#....##...##
,,*#.......##.....##...#.....#
,,*##.....###.._..##...'..<..#
,,*#.......##.....##...#.....#
,+#.........#+...'#....##...##
**.....#.....#####....#######


You could see an ice beast.

Vanquished Creatures
  An ice beast (D:6)
  A centaur (D:6)
  2 bullfrogs (D:6)
  A howler monkey (D:7)
  2 jellies
  2 worker ants
  A worker ant zombie (D:5)
  6 adders
  3 gnolls (D:4)
  An ooze (D:3)
  An adder zombie (D:6)
  A worm (D:4)
  A dart slug (D:1)
  3 leopard geckos
  6 orcs
  3 ball pythons
  2 bats (D:3)
  3 giant cockroaches (D:1)
  3 goblins
  4 hobgoblins (D:1)
  7 jackals
  5 kobolds
  2 frilled lizards
  A rat (D:3)
62 creatures vanquished.

Vanquished Creatures (collateral kills)
  A kobold (D:4)
1 creature vanquished.

Vanquished Creatures (others)
  A kobold (D:4)
1 creature vanquished.

Grand Total: 64 creatures vanquished

Notes
Turn   | Place    | Note
-------+----------+-------------------------------------------
     0 | D:1      | M4edhros the Octopode Necromancer began the quest for the Orb.
     0 | D:1      | Reached XP level 1. HP: 11/11 MP: 3/3
    59 | D:1      | Reached skill level 1 in Unarmed Combat
   134 | D:1      | Reached XP level 2. HP: 9/17 MP: 5/5
   215 | D:1      | Reached skill level 2 in Unarmed Combat
   345 | D:1      | amulet of reflect 4 nice
   479 | D:2      | Reached XP level 3. HP: 11/21 MP: 2/6
   482 | D:2      | Learned a level 1 spell: Animate Skeleton
   486 | D:2      | Learned a level 3 spell: Regeneration
   733 | D:2      | Reached skill level 3 in Unarmed Combat
   806 | D:3      | Reached XP level 4. HP: 26/27 MP: 0/7
   968 | D:3      | Noticed Grinder
  1124 | D:4      | Reached skill level 4 in Unarmed Combat
  1209 | D:4      | Reached XP level 5. HP: 16/31 MP: 3/8
  1297 | D:4      | Found a white marble altar of Elyvilon.
  1471 | D:5      | Entered Level 5 of the Dungeon
  1603 | D:5      | Found a bloodstained altar of Trog.
  1619 | D:5      | Noticed M4edhros's ghost (amateur OpNe)
  1837 | D:6      | HP: 1/31 [acid (8)]
  1850 | D:6      | Reached skill level 5 in Unarmed Combat
  1923 | D:6      | Reached XP level 6. HP: 14/36 MP: 4/9
  1928 | D:6      | Noticed an ice beast
  1947 | D:6      | Killed an ice beast
  1947 | D:6      | Reached skill level 6 in Unarmed Combat
  2078 | D:6      | Reached XP level 7. HP: 41/41 MP: 10/10
  2248 | D:6      | Reached skill level 1 in Fighting
  2248 | D:6      | Reached skill level 7 in Unarmed Combat
  2272 | D:7      | Found Ileyneru's Distillery.
  2359 | D:7      | 700gold for experience potion
  2371 | D:7      | have 240
  2404 | D:7      | HP: 2/43 [orc/dagger (4)]
  2469 | D:7      | Noticed a two-headed ogre
  2477 | D:7      | Found a staircase to the Ecumenical Temple.
  2485 | Temple   | Entered the Ecumenical Temple
  2631 | Temple   | Slain by an ice beast

Vault maps used:
D:1:      shiori_shiawase, minivault_5
D:2:      first_bread
D:3:      uniq_grinder
D:4:      kennysheep_kobold_camp, elyvilon_altar_1
D:5:      bloody_trog
D:6:      minmay_overflow_temple_star_hex, uniq_menkaure
D:7:      grunt_temple_overflow_champion_of_chaos, serial_shops, shop
Temple:   nicolae_temple_figure_eight

Skill      XL: |  1  2  3  4  5  6  7 |
---------------+----------------------+-----
Unarmed Combat | 1 2 3 4 5 6 7 |  7.1
Fighting       | 1 |  1.5
Dodging        | |  2.6
Stealth        | |  2.6
Spellcasting   | |  2.0
Necromancy     | |  4.0

Action                   |  1- 3 |  4- 6 |  7- 9 || total
-------------------------+-------+-------+-------++-------
Melee: Unarmed           |    54 |   101 |    22 ||   177
       Constrict         |    16 |    19 |     5 ||    40
       Tentacles         |     8 |    15 |     6 ||    29
       Punch             |       |     4 |       ||     4
 Cast: Pain              |    13 |    22 |     1 ||    36
       Regeneration      |     3 |    10 |    12 ||    25
       Animate Skeleton  |       |     1 |       ||     1
Evoke: Wand              |       |     3 |     1 ||     4
  Use: Potion            |     1 |     1 |     5 ||     7
       Scroll            |       |     8 |     1 ||     9
 Stab: Sleeping          |     4 |     9 |     1 ||    14
       Paralysed         |       |    10 |       ||    10
  Eat: Chunk             |       |     7 |       ||     7
       Bread ration      |       |       |     1 ||     1
Armor: Skin              |     1 |     5 |     1 ||     7
Dodge: Dodged            |    42 |    46 |    26 ||   114
Block: Other             |     9 |    16 |    13 ||    38
       Reflection        |       |     2 |       ||     2
